 Dungeon Crawl Stone Soup version 0.20.0-8-g6b59dc7 (webtiles) character file.

80239 kolkov the Bludgeoner (level 15, 0/145 HPs)
             Began as a Gargoyle Berserker on May 29, 2017.
             Was the Champion of Trog.
             Engulfed by a bog body's freezing vapour (8 damage)
             ... on level 4 of the Swamp on May 30, 2017.
             The game lasted 01:11:46 (20608 turns).

kolkov the Bludgeoner (Gargoyle Berserker)         Turns: 20608, Time: 01:11:47

Health: 0/145      AC: 37    Str: 36    XL:     15   Next: 66%
Magic:  15/15      EV: 16    Int:  7    God:    Trog [******]
Gold:   1504       SH: 14    Dex:  9    Spells: 14/14 levels left

rFire    + . .     SeeInvis .   a - +8 eveningstar of Pandemonium {drain, rPois Stlth+}
rCold    . . .     Gourm    .   j - +0 shield
rNeg     + . .     Faith    .   H - +2 plate armour {rF+}
rPois    ∞         Spirit   .   U - +2 hat
rElec    +         Reflect  .   L - +0 cloak
rCorr    .         Harm     .   Y - +2 pair of gloves {Str+3}
MR       ++++.                  i - +0 pair of boots
Stlth    ..........             (no amulet)
Regen    1.4/turn               B - ring of protection from magic
MPRegen  0.2/turn               E - +4 ring of evasion

@: berserking (expiring), flying, regenerating, very quick
A: big wings, negative energy resistance 1, electricity resistance, unbreathing,
petrification resistance, rot immunity, AC +11
a: Stop Flying, Berserk, Trog's Hand, Brothers in Arms, Burn Spellbooks,
Renounce Religion


You were on level 4 of the Swamp.
You worshipped Trog.
Trog was exalted by your worship.
You were very hungry.

You visited 3 branches of the dungeon, and saw 20 of its levels.
You also visited: Ice Cave.

You collected 1646 gold pieces.
You spent 142 gold pieces at shops.

Inventory:

Hand Weapons
 a - the +8 eveningstar of Pandemonium (weapon) {drain, rPois Stlth+}
   (Trog gifted it to you on level 2 of the Swamp)

   A truly terrible weapon, it drains the life of those it strikes.
   It protects you from poison.
   It makes you more stealthy.
 o - a +7 antimagic demon whip
 G - the +9 mace of Variability {chaos}
   (You found it on level 8 of the Dungeon)

   Each time it hits an enemy it has a different, random effect.
 W - the +3 demon whip of the Hidden Vale {freeze, *Noise rElec Str+6}
   (Trog gifted it to you on level 10 of the Dungeon)

   It has been specially enchanted to freeze those struck by it, causing extra
   injury to most foes and up to half again as much damage against particularly
   susceptible opponents.
   It can also slow down cold-blooded creatures.
   It affects your strength (+6).
   It insulates you from electricity.
   It may make noises in combat.
Missiles
 p - a tomahawk of dispersal (quivered)
Armour
 i - a +0 pair of boots (worn)
 j - a +0 shield (worn)
 k - quicksilver dragon scales
 H - a +2 plate armour of fire resistance (worn)
 L - a +0 cloak (worn)
 U - a +2 hat (worn)
 Y - a +2 pair of gloves of strength (worn)
Jewellery
 x - an uncursed ring of resist corrosion
 B - a ring of protection from magic (left hand)
 E - a +4 ring of evasion (right hand)
 M - an uncursed ring of ice
Wands
 l - a wand of iceblast (13/15)
 w - a wand of acid (5/15)
 y - a wand of digging (23/24)
 R - a wand of digging (13/24)
 S - a wand of disintegration (5/24)
Scrolls
 e - 2 scrolls of blinking
 f - 10 scrolls of teleportation
 g - 2 scrolls of recharging
 h - a scroll of enchant armour
 m - a scroll of holy word
 n - 10 scrolls of remove curse
 C - a scroll of summoning
 F - 2 scrolls of magic mapping
 N - a scroll of fog
 T - 2 scrolls of fear
Potions
 d - 7 potions of agility
 q - 3 potions of heal wounds
 r - 4 potions of curing
 t - 4 potions of mutation
 v - 3 potions of resistance
 A - 4 potions of cancellation
 D - 4 potions of haste
 Q - 2 potions of invisibility
 Z - a potion of might {unknown}
Books
 P - a book of Conjurations

   Spells                             Type                      Level
   a - Magic Dart                     Conjuration                  1
   b - Searing Ray                    Conjuration                  2
   c - Dazzling Spray                 Conjuration/Hexes            3
   d - Fulminant Prism                Conjuration/Hexes            4
   e - Force Lance                    Conjuration/Translocation    4
   f - Iskenderun's Mystic Blast      Conjuration                  4
   Trog disapproves of the use of such an item.
Comestibles
 b - 2 chunks of flesh
 c - 16 bread rations
 z - 12 fruits
 J - 9 royal jellies
 X - 4 meat rations


   Skills:
 + Level 12.6 Fighting
 * Level 15.8 Maces & Flails
 + Level 12.1 Armour
 + Level 9.6 Dodging
 + Level 12.2 Shields


You had 14 spell levels left.
You didn't know any spells.

Dungeon Overview and Level Annotations

Branches:
Dungeon (10/15)            Temple (0/1) D:4            Lair (6/6) D:10
  Swamp (4/4) Lair:2       Spider (0/4) Lair:4        Slime (0/5) Lair:5
    Orc (0/2) D:9

Altars:
Ashenzari
Dithmenos
Gozag
Hepliaklqana
Kikubaaqudgha
Nemelex Xobeh
Qazlal
Trog
Uskayaw
Xom
The Shining One
Jiyva

Shops:
D:8 *

Annotations:
Swamp:4 Mara


Innate Abilities, Weirdness & Mutations

You are resistant to torment.
Your stone body is resilient. (AC +11)
You are immune to poison.
Your large and strong wings let you fly indefinitely.
You resist negative energy. (rN+)
You are resistant to electric shocks. (rElec)
You can survive without breathing.
You are immune to petrification.
You are immune to rotting.


Message History

The briar patch crumbles away.
You stick the tyrant leech like a pincushion!!!
The tyrant leech is almost dead.
The bog body gestures at you while chanting.
The bolt of cold misses you.
Mara blinks!
You closely miss the tyrant leech.
The tyrant leech is almost dead.
You are engulfed in freezing vapours.
* * * LOW HITPOINT WARNING * * *
The tyrant leech completely misses you.
You hit the tyrant leech.
The tyrant leech is almost dead.
You are engulfed in freezing vapours.
* * * LOW HITPOINT WARNING * * *
The bog body closely misses you. You block the bog body's attack.
You stick the tyrant leech like a pincushion!!!
You kill the tyrant leech!
Trog accepts your kill.
You are engulfed in freezing vapours.
You die...

≈* ♣♣≈..≈♣♣..≈≈,≈≈,,≈,,,**≈≈≈,,,*
.* ♣♣≈≈.≈.......≈..≈≈≈****,≈,≈**
♣* ♣.≈≈§≈.≈≈..≈≈.≈*♣≈♣♣***,≈≈***
♣ ♣.≈≈≈≈≈≈≈...≈≈.*n≈≈≈≈*≈≈≈≈≈**
♣♣*♣♣.≈≈≈≈≈≈≈..≈≈≈♣♣.≈≈≈≈≈≈≈≈,**,
♣≈♣♣≈..≈≈≈≈≈≈..≈≈.≈≈♣,≈≈≈≈≈≈≈≈*≈,
...♣♣.≈≈≈≈≈≈≈.[≈n.).♣..≈≈≈≈,,**,,
♣≈≈≈≈≈≈≈≈≈≈≈≈.≈≈≈≈≈Z..≈≈≈≈≈≈,***≈
♣.≈≈≈≈≈≈≈≈≈≈§.§§@n†.§≈≈≈≈≈≈≈≈* **
♣.≈≈≈≈≈≈§≈≈≈≈....†♣§≈.≈≈≈≈≈,** **
♣♣♣..≈≈...≈§...≈.≈♣♣≈..≈≈≈≈,≈***,
♣♣♣.≈≈≈...≈♣♣≈♣≈≈♣≈**.≈,≈,**≈,≈
♣.≈≈≈♣≈.♣♣♣#####≈***,,≈***≈≈≈
♣♣≈≈≈.♣♣≈#**≈*≈***********,,≈
♣♣♣♣.♣♣##,,,,,,**≈*≈***,≈≈≈≈
♣♣≈#*,,≈,,,,*******,≈≈≈≈≈
*♣♣#,,,,,,,,,**,,,*≈,≈≈≈≈


You could see 3 bog bodies and an alligator zombie.

Vanquished Creatures
  Nikola (Swamp:2)
  Roxanne (Swamp:1)
  3 thorn hunters (Swamp:4)
  Nessos (Lair:4)
  A fire dragon (Lair:6)
  7 hydras
  2 two-headed ogres
  6 alligators
  2 death yaks (Lair:5)
  The ghost of Nightblair the Cleaver, a novice HOFi of Beogh (D:6)
  A spriggan druid (Swamp:2)
  3 swamp dragons
  A lindwurm (Lair:6)
  A shambling mangrove (Swamp:3)
  5 ugly things
  An orb spider (Lair:4)
  12 elephants
  3 ice statues (IceCv)
  10 black mambas
  3 molten gargoyles (Lair:6)
  21 spiny frogs
  12 komodo dragons
  A centaur skeleton (D:9)
  2 rime drakes
  4 polar bears (Lair:5)
  4 hornets
  7 tyrant leeches
  5 bog bodies
  Prince Ribbit (D:9)
  3 slime creatures (Swamp:3)
  3 blink frogs (Lair:3)
  6 dream sheep (Lair:5)
  4 hippogriffs
  A shadow (Swamp:2)
  A spriggan (D:7)
  2 wyverns (Lair:6)
  5 basilisks
  52 yaks
  A steam dragon (Lair:6)
  3 chaos spawn (D:8)
  13 swamp worms
  2 wargs (D:10)
  15 insubstantial wisps
  5 hell hounds (Lair:6)
  8 porcupines
  11 water moccasins
  11 orc warriors
  A sky beast (D:9)
  4 swamp drakes
  17 ice beasts
  3 phantoms
  5 black bears
  5 ogres
  8 centaurs
  13 crocodiles
  13 bullfrogs
  A gnoll sergeant (D:8)
  A wyvern skeleton (D:9)
  5 scorpions
  4 killer bees (D:7)
  A water moccasin skeleton (D:8)
  3 vampire bats (Lair:6)
  12 wights
  3 electric eels
  3 howler monkeys (D:8)
  5 lava snakes (Lair:6)
  4 crimson imps
  3 jellies
  7 hounds
  20 orc wizards
  A bullfrog skeleton (D:8)
  A gnoll shaman (D:7)
  15 orc priests
  8 iguanas
  6 worker ants
  A hound zombie (D:9)
  4 gnolls (D:8)
  A howler monkey skeleton (D:9)
  12 adders
  2 shadow imps
  3 oozes
  An adder skeleton (D:10)
  3 worms
  A dart slug (D:1)
  8 leopard geckos
  56 orcs
  19 bats
  3 giant cockroaches
  7 hobgoblins
  2 jackals (D:1)
  7 quokkas
  6 frilled lizards
  A giant cockroach zombie (D:5)
  8 goblins
  7 kobolds
  A quokka skeleton (D:4)
  5 rats
598 creatures vanquished.

Vanquished Creatures (collateral kills)
  Gastronok (D:9)
  A shambling mangrove (Swamp:4)
  An ugly thing (Swamp:1)
  A swamp drake (Swamp:1)
4 creatures vanquished.

Vanquished Creatures (others)
  3 briar patches (Swamp:4)
  A bush (Lair:6)
  5 fungi
  3 plants
12 creatures vanquished.

Grand Total: 614 creatures vanquished

Notes
Turn   | Place    | Note
-------+----------+-------------------------------------------
     0 | D:1      | kolkov the Gargoyle Berserker began the quest for the Orb.
     0 | D:1      | Reached XP level 1. HP: 14/14 MP: 1/1
   333 | D:1      | Reached XP level 2. HP: 15/19 MP: 2/2
  1100 | D:2      | Reached XP level 3. HP: 23/23 MP: 3/3
  1503 | D:2      | Reached ** piety under Trog
  1650 | D:2      | Reached skill level 1 in Shields
  1650 | D:2      | Reached XP level 4. HP: 26/28 MP: 4/4
  2030 | D:3      | Noticed a phantom
  2176 | D:3      | Killed a phantom
  2176 | D:3      | Reached skill level 4 in Maces & Flails
  2176 | D:3      | Reached XP level 5. HP: 25/33 MP: 5/5
  2259 | D:3      | Reached XP level 6. HP: 32/38 MP: 6/6
  3585 | D:4      | Reached skill level 5 in Maces & Flails
  3590 | D:4      | Reached XP level 7. HP: 28/44 MP: 7/7
  3674 | D:4      | Found a staircase to the Ecumenical Temple.
  3781 | D:4      | Upgraded the game from 0.20.0-7-g3b7b877 to 0.20.0-8-g6b59dc7
  3972 | D:4      | Found a bloodstained altar of Trog.
  4174 | D:5      | Entered Level 5 of the Dungeon
  4505 | D:5      | Reached *** piety under Trog
  4670 | D:5      | Found a hide-covered altar of Uskayaw.
  4716 | D:5      | Found a hazy altar of Hepliaklqana.
  4962 | D:5      | Reached skill level 5 in Fighting
  5115 | D:6      | Reached XP level 8. HP: 48/49 MP: 8/8
  5170 | D:6      | Reached skill level 6 in Maces & Flails
  5242 | D:6      | Reached skill level 5 in Armour
  5755 | D:6      | Found a bloodstained altar of Trog.
  5785 | D:6      | Found a stormy altar of Qazlal.
  5929 | D:6      | Noticed Nightblair's ghost (novice HOFi)
  5962 | D:6      | Killed Nightblair's ghost
  5962 | D:6      | Reached skill level 7 in Maces & Flails
  5962 | D:6      | Reached XP level 9. HP: 55/55 MP: 9/9
  6154 | D:6      | Reached skill level 5 in Shields
  7151 | D:7      | Reached skill level 8 in Maces & Flails
  7277 | D:7      | Reached **** piety under Trog
  7791 | D:7      | Reached skill level 5 in Dodging
  7791 | D:7      | Reached XP level 10. HP: 55/61 MP: 10/10
  7884 | D:7      | Found a shimmering altar of Xom.
  7945 | D:8      | Found Abbun's Assorted Antiques.
  7952 | D:8      | Bought 2 smoky ruby potions for 45 gold pieces
  7952 | D:8      | Bought a scroll labeled RYTWUA IPEILI for 25 gold pieces
  7952 | D:8      | Bought a scroll of identify for 50 gold pieces
  7952 | D:8      | Bought a bubbling puce potion for 22 gold pieces
  8147 | D:8      | Reached skill level 9 in Maces & Flails
  8548 | D:8      | Found a shimmering altar of Xom.
  8979 | D:8      | Noticed a two-headed ogre
  8985 | D:8      | Killed a two-headed ogre
  9533 | D:9      | Reached XP level 11. HP: 62/68 MP: 11/11
  9535 | D:9      | Reached skill level 10 in Maces & Flails
  9553 | D:9      | Found a shattered altar of Ashenzari.
  9553 | D:9      | Found a shadowy altar of Dithmenos.
  9558 | D:9      | Found an opulent altar of Gozag.
  9562 | D:9      | Found a sparkling altar of Nemelex Xobeh.
  9564 | D:9      | Found an ancient bone altar of Kikubaaqudgha.
  9591 | D:9      | Reached ***** piety under Trog
  9744 | D:9      | Noticed Prince Ribbit
  9745 | D:9      | Killed Prince Ribbit
  9802 | D:9      | Found a glowing golden altar of the Shining One.
  9986 | D:9      | Found a staircase to the Orcish Mines.
  9986 | D:9      | Noticed Gastronok
  9997 | D:9      | Killed Gastronok
 10199 | D:10     | Entered Level 10 of the Dungeon
 10301 | D:10     | Reached skill level 11 in Maces & Flails
 10691 | D:10     | Found a staircase to the Lair.
 10718 | D:10     | Received a gift from Trog
 10726 | D:10     | Got a warped demon whip {god gift}
 10731 | D:10     | Identified the +3 demon whip of the Hidden Vale {freeze, *Noise rElec Str+6} (Trog gifted it to you on level 10 of the Dungeon)
 10771 | D:10     | Noticed a two-headed ogre
 10776 | D:10     | Killed a two-headed ogre
 10908 | Lair:1   | Entered Level 1 of the Lair of Beasts
 10985 | Lair:1   | Reached XP level 12. HP: 71/76 MP: 12/12
 11592 | Lair:2   | Found a staircase to the Swamp.
 12569 | Lair:3   | Reached skill level 12 in Maces & Flails
 12646 | Lair:3   | Reached skill level 10 in Fighting
 13227 | Lair:4   | Found a frozen archway.
 13251 | IceCv    | Entered an ice cave
 13541 | IceCv    | Reached XP level 13. HP: 43/83 MP: 13/13
 13731 | IceCv    | Got a brightly glowing brass ring
 13753 | IceCv    | Identified the cursed ring "Erost" {rElec rF+ Int-2 Dex+4 Slay-3} (You found it in an ice cave)
 14886 | Lair:4   | Noticed Nessos
 14905 | Lair:4   | Killed Nessos
 14905 | Lair:4   | Reached skill level 10 in Armour
 14954 | Lair:4   | Reached skill level 13 in Maces & Flails
 15042 | Lair:4   | Found a hole to the Spider Nest.
 15276 | Lair:4   | Reached skill level 10 in Shields
 15688 | Lair:5   | Received a gift from Trog
 15914 | Lair:5   | Found a viscous altar of Jiyva.
 15917 | Lair:5   | Found a staircase to the Slime Pits.
 16456 | Lair:6   | Entered Level 6 of the Lair of Beasts
 16506 | Lair:6   | Reached skill level 14 in Maces & Flails
 16511 | Lair:6   | Gained mutation: Your large and strong wings let you fly indefinitely. [Gargoyle growth]
 16511 | Lair:6   | Reached XP level 14. HP: 65/90 MP: 14/14
 16914 | Lair:6   | Reached ****** piety under Trog
 17501 | Lair:6   | Found a large runed door.
 17503 | Lair:6   | Found a large runed door.
 18122 | Swamp:1  | Entered Level 1 of the Swamp
 18372 | Swamp:1  | Noticed Roxanne
 18562 | Swamp:1  | Killed Roxanne
 18853 | Swamp:1  | Reached skill level 15 in Maces & Flails
 19024 | Swamp:2  | Received a gift from Trog
 19035 | Swamp:2  | Got an iridescent eveningstar {god gift}
 19071 | Swamp:2  | Identified the +8 eveningstar of Pandemonium {drain, rPois Stlth+} (Trog gifted it to you on level 2 of the Swamp)
 19097 | Swamp:2  | Reached XP level 15. HP: 96/96 MP: 15/15
 19367 | Swamp:2  | Noticed Nikola
 19389 | Swamp:2  | Killed Nikola
 20395 | Swamp:4  | Entered Level 4 of the Swamp
 20457 | Swamp:4  | Noticed a thorn hunter
 20470 | Swamp:4  | Killed a thorn hunter
 20570 | Swamp:4  | Noticed a thorn hunter
 20570 | Swamp:4  | Noticed a thorn hunter
 20572 | Swamp:4  | Noticed Mara
 20591 | Swamp:4  | Killed a thorn hunter
 20599 | Swamp:4  | Killed a thorn hunter
 20607 | Swamp:4  | HP: 7/145 [bog body] (9)]
 20608 | Swamp:4  | Engulfed by a bog body's freezing vapour

Skill      XL: |  1  2  3  4  5  6  7  8  9 10 11 12 13 14 15 |
---------------+----------------------------------------------+-----
Dodging        | 2 3 4 5 6 7 8 9 |  9.6
Shields        | 1 2 3 4 6 7 8 9 10 11 12 | 12.2
Fighting       | 4 5 6 8 9 10 11 12 | 12.6
Maces & Flails | 4 5 7 8 9 11 12 14 15 | 15.8
Armour         | 3 4 5 6 7 8 9 10 11 12 | 12.1

Action                   |  1- 3 |  4- 6 |  7- 9 | 10-12 | 13-15 || total
-------------------------+-------+-------+-------+-------+-------++-------
Melee: Mace              |    20 |       |       |       |       ||    20
       Whip              |    89 |   357 |   507 |       |       ||   953
       Morningstar       |       |       |   152 |   168 |       ||   320
       Great mace        |       |       |       |   267 |    20 ||   287
       Demon whip        |       |       |       |   227 |   783 ||  1010
       Eveningstar       |       |       |       |       |   209 ||   209
Throw: Tomahawk          |       |       |     1 |       |       ||     1
Invok: Trog's Hand       |       |     1 |     3 |     5 |     2 ||    11
       Berserk           |       |     1 |     1 |     1 |     3 ||     6
       Burn Spellbooks   |       |       |       |       |     1 ||     1
       Brothers in Arms  |       |       |       |       |     1 ||     1
 Abil: Fly               |       |       |       |       |     1 ||     1
Evoke: Wand              |       |     1 |       |       |       ||     1
  Use: Scroll            |       |       |    15 |    15 |     9 ||    39
 Stab: Confused          |       |     1 |       |     2 |     1 ||     4
       Paralysed         |       |       |       |     1 |       ||     1
  Eat: Chunk             |     2 |     8 |    16 |    21 |    25 ||    72
       Fruit             |       |       |       |       |     2 ||     2
Armor: Animal skin       |    31 |       |       |       |       ||    31
       Plate armour      |    10 |   261 |   394 |   373 |   328 ||  1366
Dodge: Dodged            |    68 |   127 |   213 |   355 |   350 ||  1113
Block: Shield            |       |       |       |       |   254 ||   254
